 Dungeon Crawl Stone Soup version 0.17.0-56-gd8de76c (webtiles) character file.

206170 Miyamura the Corrupter of Planes (level 18, -13/151 HPs)
             Began as a Demonspawn Abyssal Knight on Dec 3, 2015.
             Was the Champion of Lugonu.
             Killed by the air
             ... invoked by Gastronok
              (23 damage)
             ... on level 1 of the Abyss on Dec 5, 2015.
             The game lasted 03:23:04 (47896 turns).

Miyamura the Corrupter of Planes (DsAK)            Turns: 47896, Time: 03:23:04

Health: -13/151    AC: 25    Str: 20    XL:     18   Next: 6%
Magic:  11/41      EV: 25    Int: 18    God:    Lugonu [******]
Gold:   3074       SH:  7    Dex: 14    Spells: 4 memorised, 25 levels left

rFire  . . .     SeeInvis +     b - +9 demon trident (distort)
rCold  + . .     Clarity  .     I - +3 leather armour of Pathos {MR++ MP+9 Dex+3}
rNeg   . . .     SustAt   .     w - +2 buckler
rPois  +         Gourm    .     R - +2 hat {SInv}
rElec  .         Spirit   .     h - +2 cloak {MR+}
rCorr  .         Warding  .     k - +0 pair of gloves of Lugonu's Wrath {rPois SInv}
rMut   .         Stasis   .     a - +2 pair of boots
MR     ++++.                    p - amulet of regeneration
Stlth  +.........               v - +6 ring of evasion
                                H - +4 ring of slaying

@: mighty, regenerating (expiring), drained, incredibly resistant to hostile
enchantments, very unstealthy
A: horns 2, rough black scales 3, blurry vision 1, clumsy 1, cold resistance 1,
demonic guardian 1, powered by pain 3, screaming 1, strong 1
a: Depart the Abyss, Bend Space, Banish, Corrupt, Enter the Abyss, Renounce
Religion
}: 1/15 runes: decaying


You were on level 1 of the Abyss.
You worshipped Lugonu.
Lugonu was exalted by your worship.
You were hungry.

You visited 7 branches of the dungeon, and saw 36 of its levels.
You visited the Abyss 2 times.
You also visited: Ossuary, Bailey, Ice Cave and Volcano.

You collected 4818 gold pieces.
You spent 1744 gold pieces at shops.

Inventory:

Hand Weapons
 b - a +9 demon trident of distortion (weapon)
 r - the +7 quarterstaff of Severance {drain, *Drain rF+ rC+ Dex+2}
   (You bought it in a shop on level 4 of the Orcish Mines)

   A truly terrible weapon, it drains the life of those it strikes.
   It affects your dexterity (+2).
   It protects you from fire.
   It protects you from cold.
   It causes draining when unequipped.
Armour
 a - a +2 pair of boots (worn)
 h - a +2 cloak of magic resistance (worn)
 k - the +0 pair of gloves of Lugonu's Wrath (worn) {rPois SInv}
   (You found it on level 8 of the Dungeon)

   It protects you from poison.
   It lets you see invisible.
 w - a +2 buckler (worn)
 I - the +3 leather armour of Pathos (worn) {MR++ MP+9 Dex+3}
   (You found it on level 1 of the Lair of Beasts)

   It affects your dexterity (+3).
   It affects your resistance to hostile enchantments.
   It affects your magic capacity (+9).
 R - a +2 hat of see invisible (worn)
Jewellery
 g - an uncursed amulet of resist corrosion
 i - an uncursed ring of protection from magic
 m - an uncursed ring of flight
 n - the ring of Ratt {Ice rElec rPois Stlth-}
   (You bought it in a shop on level 4 of the Orcish Mines)

   [ring of ice]

   It enhances your ice magic, and weakens your fire magic.
   It makes you vulnerable to fire.
   It protects you from cold.
   It insulates you from electricity.
   It protects you from poison.
   It makes you less stealthy.
 p - an amulet of regeneration (around neck)
 t - an uncursed amulet of warding
 v - a +6 ring of evasion (right hand)
 H - a +4 ring of slaying (left hand)
 M - an uncursed ring of sustain attributes
Wands
 z - a wand of digging (0)
 A - a wand of fire (4)
 C - a wand of paralysis (10)
 F - a wand of cold (3)
 G - a wand of disintegration (7)
 J - a wand of teleportation (0)
 P - a wand of fire (5)
Scrolls
 l - 8 scrolls of amnesia
 o - 5 scrolls of teleportation
 B - 3 scrolls of recharging
 K - 5 scrolls of remove curse
 L - 5 scrolls of magic mapping
 O - 3 scrolls of immolation
 T - 2 scrolls of fog
 U - a scroll of fear
 W - 5 scrolls of identify
 X - 2 scrolls of silence
 Z - a scroll of blinking
Potions
 e - 14 potions of curing
 f - 2 potions of invisibility
 j - 7 potions of might
 q - 6 potions of brilliance
 u - a potion of cancellation
 D - a potion of resistance
 E - 2 potions of ambrosia
 N - a potion of agility
Comestibles
 c - 15 bread rations
 S - 40 fruits


   Skills:
 + Level 15.8(15.5) Fighting
 + Level 10.4(11.0) Polearms
 - Level 7.2(9.6) Staves
 - Level 3.0(2.7) Armour
 + Level 12.6(12.3) Dodging
 - Level 5.1(4.9) Shields
 + Level 10.7(10.4) Spellcasting
 - Level 5.3(5.1) Charms
 + Level 5.1(4.9) Necromancy
 - Level 5.6(5.3) Translocations
 + Level 19.2(18.9) Invocations


You had 25 spell levels left.
You knew the following spells:

 Your Spells              Type           Power        Failure   Level  Hunger
a - Regeneration          Chrm/Necr      ####......   3%          3    None
b - Swiftness             Chrm/Air       ###.....     6%          2    None
c - Blink                 Tloc           N/A          1%          2    None
d - Freezing Cloud        Conj/Ice/Air   #.........   100%        6    ######.


Dungeon Overview and Level Annotations

Branches:
Dungeon (15/15)            Temple (1/1) D:4            Lair (8/8) D:8
  Swamp (4/4) Lair:6        Snake (2/4) Lair:4        Slime (0/6) Lair:8
    Orc (4/4) D:11            Elf (2/3) Orc:3        Vaults (0/5) D:13
 Depths (0/5) D:15

Altars:
Ashenzari
Cheibriados
Dithmenos
Elyvilon
Fedhas
Gozag
Kikubaaqudgha
Makhleb
Nemelex Xobeh
Okawaru
Qazlal
Ru
Sif Muna
Trog
Vehumet
Xom
Yredelemnul
Zin
The Shining One
Beogh

Shops:
D:7 *   D:11 [(   D:14 (   Orc:4 [(*:%

Annotations:
Snake:2 Vashnia
Abyss:1 Gastronok, Maud, Nessos, Rupert, Sonja


Innate Abilities, Weirdness & Mutations

You have a pair of horns on your head.
You are completely covered in rough black scales (AC +10, Dex -3).
A weak demonic guardian rushes to your aid.
You are powered by pain.
Scrolls take you a little longer to read.
You are clumsy. (Dex -2)
Your flesh is cold resistant.
You occasionally shout uncontrollably at your foes.
Your muscles are strong. (Str +2)


Message History

Read which item? (? for menu, Esc to quit)
Really read with blurry vision while enemies are nearby?
Okay, then.
Read which item? (? for menu, Esc to quit)
Okay, then.
Evoke which item? (* to show all) (? for menu, Esc to quit)
Okay, then.
Okay, then.
To return, you must find a gate leading back.
Welcome to the Abyss!
This branch contains the abyssal rune of Zot.
Level annotation: Gastronok, Maud, Nessos, Rupert, Sonja You are feeling hungry.
Casting: Blink
Confirm with . or Enter, or press ? or * to list all spells.
Your skin crawls.
Your skin is crawling a little less now.
Gastronok waves his eye-stalks in wide circles.
The air twists around and strikes you!
You die...

#.. ...... #.
#..###......
....
#..........
.....
#.........
.....##.......#
#...........#
#.#....#...##
#....#...#
####@...##
#...5....#
#....#.#....#
##... ......#
w.... ..#.##.
.....# .## .
...... .# .#
.....# #.


You could see Gastronok and a friendly crimson imp.

Vanquished Creatures
  2 thorn hunters
  Agnes (Snake:2)
  Donald (Snake:2)
  A deep elf sorcerer (Elf:2)
  3 very ugly things
  2 deep elf demonologists
  2 green deaths (Swamp:4)
  Snorg (Orc:1)
  4 vault guards (D:13)
  2 ice dragons (D:15)
  Harold (Lair:3)
  3 naga warriors
  2 ghost crabs
  2 catoblepae
  A centaur warrior (D:11)
  10 hydras
  4 anacondas
  4 alligators
  A dancing weapon (Elf:2)
  9 death yaks
  A tengu warrior (D:15)
  2 orc high priests (Orc:4)
  4 shock serpents (Snake:1)
  5 naga sharpshooters
  Nergalle (Orc:2)
  2 unseen horrors
  9 deep elf knights
  2 sea snakes (Snake:1)
  19 hill giants
  5 swamp dragons
  An orc knight (D:15)
  Pikel (D:7)
  5 deep elf conjurers (Elf:1)
  4 naga ritualists
  13 ugly things
  8 deep elf summoners
  A wolf spider zombie (D:15)
  An orc sorcerer (Orc:4)
  4 mana vipers
  An oklob plant (Lair:1)
  A griffon (Lair:5)
  A manticore (shapeshifter) (D:15)
  4 cyclopes
  3 toenail golems (Volcano)
  2 salamanders
  4 manticores
  A centaur zombie (D:15)
  4 naga magi (Snake:1)
  26 black mambas
  15 elephants
  Maurice (D:8)
  Joseph (D:8)
  A hornet (Swamp:3)
  24 spiny frogs
  A torpor snail (Lair:7)
  A centaur skeleton (D:13)
  3 kobold demonologists (D:15)
  2 orange demons (Swamp:4)
  5 trolls
  5 fire drakes
  2 small abominations (Elf:1)
  A freezing wraith (D:14)
  11 komodo dragons
  3 spriggan druids
  7 deep elf priests
  5 polar bears
  A blue devil (D:11)
  Grinder (D:2)
  5 giant leeches
  6 two-headed ogres
  24 slime creatures
  2 boulder beetles
  3 blink frogs (Lair:8)
  9 redbacks (Lair:8)
  7 bog bodies (Swamp:4)
  2 centaur simulacra (D:12)
  5 shadows
  3 wyverns
  2 wraiths
  44 yaks
  A vampire (D:13)
  Sigmund (D:3)
  14 deep elf magi
  9 spriggans
  A water elemental (D:12)
  3 basilisks
  A hungry ghost (D:11)
  A steam dragon (D:10)
  6 humans (Volcano)
  7 wargs
  34 wolves
  2 large abominations (Swamp:4)
  11 hippogriffs
  A soldier ant (D:13)
  18 insubstantial wisps
  21 vampire mosquitoes
  17 deep elf fighters
  15 swamp worms
  9 nagas
  17 water moccasins
  20 orc warriors
  10 porcupines
  14 ogres
  5 black bears
  A necrophage (D:10)
  2 swamp drakes
  4 phantoms
  16 ice beasts
  15 crocodiles
  7 wasps
  3 sky beasts
  7 centaurs
  6 big kobolds
  18 giant frogs
  A wyvern skeleton (D:8)
  3 scorpions
  5 wights
  10 electric eels
  11 crimson imps
  3 giant frog zombies
  4 jellies
  45 orc priests
  10 iguanas
  3 hounds
  47 orc wizards
  Jessica (D:3)
  Terence (D:2)
  8 worker ants
  3 giant frog skeletons
  23 sheep
  2 giant frog simulacra (D:12)
  A hound zombie (D:5)
  2 hound skeletons
  5 mummies (Ossuary)
  5 gnolls
  58 river rats
  17 adders
  4 shadow imps
  5 white imps (D:12)
  An ooze (D:3)
  3 adder skeletons
  A worm (D:2)
  9 giant geckos
  192 orcs
  3 ball pythons
  8 bats
  4 giant cockroaches
  11 goblins
  10 hobgoblins
  16 jackals
  5 giant newts
  4 hobgoblin zombies (Ossuary)
  18 kobolds
  2 kobold zombies (Ossuary)
  An orc zombie (Ossuary)
  6 quokkas
  A quokka zombie (D:10)
  18 rats
  A crawling corpse (Elf:1)
  A fungus (Elf:2)
  2 plants (Lair:8)
1304 creatures vanquished.

Vanquished Creatures (collateral kills)
  A death yak (Lair:2)
  A shock serpent (Snake:1)
  A hill giant (D:13)
  A wolf spider (D:15)
  A deep elf conjurer (Elf:2)
  An ugly thing (D:15)
  2 black mambas
  A spiny frog (Lair:5)
  A slime creature (D:11)
  A yak (Lair:5)
  A hungry ghost (D:8)
  Grum (D:8)
  A wolf (D:7)
  A hippogriff (Lair:3)
  Menkaure (D:6)
  A swamp worm (Swamp:2)
  2 nagas
  An orc warrior (D:6)
  A sky beast (D:8)
  A slave (D:8)
  2 black bears (Lair:8)
  A giant frog (D:15)
  A big kobold (D:11)
  An electric eel (Lair:1)
  A centaur zombie (D:8)
  2 orc wizards
  An iguana (Lair:2)
  2 sheep
  A hound skeleton (D:5)
  2 mummies (Ossuary)
  A river rat (Lair:7)
  2 gnolls (D:8)
  A worm (D:5)
  5 orcs
  A rat (D:5)
46 creatures vanquished.

Vanquished Creatures (others)
  Nikola (Elf:1)
  The ghost of Denapoli the Fencer, a journeyman MiFi of Trog (Lair:4)
  A catoblepas (Lair:5)
  7 hydras
  2 alligators
  3 orc high priests (Orc:4)
  A deep elf knight (Elf:2)
  2 swamp dragons (Swamp:4)
  2 deep elf summoners (Elf:1)
  2 shambling mangroves (Swamp:4)
  An orange demon (Swamp:4)
  A gargoyle (D:10)
  The ghost of Nicoed the Changer, a novice DrTm of Makhleb (D:4)
  The ghost of Nicoed the Changer, a novice DrTm of Makhleb (D:5)
  2 spiny frogs
  2 deep elf priests (Elf:1)
  A slime creature (Swamp:4)
  A bog body (Swamp:1)
  A giant leech (Swamp:4)
  A wyvern (D:8)
  A shadow (Swamp:4)
  2 yaks (Lair:5)
  A deep elf fighter (Elf:1)
  A vampire mosquito (Swamp:4)
  4 swamp worms
  A warg (D:8)
  3 slaves (D:8)
  5 orc warriors
  A worker ant (D:8)
  An orc wizard (D:8)
  5 sheep (D:4)
  A mummy (Ossuary)
  An orc (D:8)
  A jackal (D:6)
  A quokka (D:8)
  A kobold zombie (Ossuary)
  7 briar patches
  26 fungi
  25 plants
122 creatures vanquished.

Grand Total: 1472 creatures vanquished

Notes
Turn   | Place    | Note
--------------------------------------------------------------
     0 | Abyss:1  | Miyamura the Demonspawn Abyssal Knight began the quest for the Orb.
     0 | Abyss:1  | Reached XP level 1. HP: 18/18 MP: 2/2
    23 | Abyss:1  | Found a radiant altar of Vehumet.
    36 | Abyss:1  | Noticed a wraith
    52 | D:1      | Escaped the Abyss
   196 | D:1      | Reached * piety under Lugonu
   239 | D:1      | Reached skill level 1 in Dodging
   310 | D:1      | Gained mutation: You have a pair of small horns on your head. [demonic ancestry]
   310 | D:1      | Reached XP level 2. HP: 24/24 MP: 4/4
   855 | D:2      | Reached ** piety under Lugonu
   855 | D:2      | Gained mutation: You sometimes gain a little power by taking damage. [demonic ancestry]
   855 | D:2      | Reached XP level 3. HP: 24/29 MP: 3/5
   953 | D:2      | Found a faded altar to an unknown god.
  1340 | D:2      | Found a sparkling altar of Nemelex Xobeh.
  1340 | D:2      | Found a glowing silver altar of Zin.
  1341 | D:2      | Found a basalt altar of Yredelemnul.
  1412 | D:2      | Reached XP level 4. HP: 35/35 MP: 6/6
  1790 | D:3      | Noticed Grinder
  1792 | D:3      | Paralysed by Grinder for 3 turns
  2399 | D:3      | Noticed Jessica
  2416 | D:3      | Killed Jessica
  2455 | D:3      | Reached *** piety under Lugonu
  2508 | D:2      | Reached XP level 5. HP: 23/41 MP: 5/7
  2736 | D:2      | Reached skill level 4 in Invocations
  3258 | D:3      | Noticed Sigmund
  3509 | D:3      | Found an iron altar of Okawaru.
  3520 | D:3      | Noticed Terence
  3619 | D:2      | Killed Terence
  3806 | D:3      | Reached XP level 6. HP: 48/48 MP: 9/9
  3903 | D:3      | Reached **** piety under Lugonu
  4131 | D:4      | Reached skill level 1 in Spellcasting
  4205 | D:4      | Found a shattered altar of Ashenzari.
  4257 | D:4      | Found a sparkling altar of Nemelex Xobeh.
  4295 | D:4      | Found a staircase to the Ecumenical Temple.
  4304 | Temple   | Entered the Ecumenical Temple
  4711 | D:4      | Found a glowing golden altar of the Shining One.
  4711 | D:4      | Found an opulent altar of Gozag.
  4739 | D:4      | Found a shimmering altar of Xom.
  4873 | D:4      | Noticed Nicoed's ghost (novice DrTm)
  5072 | D:4      | Banished Nicoed's ghost
  5072 | D:4      | Reached skill level 5 in Invocations
  5072 | D:4      | Reached XP level 7. HP: 54/54 MP: 10/10
  5440 | D:3      | Killed Sigmund
  5532 | D:2      | Reached skill level 9 in Fighting
  5532 | D:2      | Reached skill level 12 in Invocations
  5532 | D:2      | Gained mutation: A weak demonic guardian rushes to your aid. [demonic ancestry]
  5532 | D:2      | Reached XP level 8. HP: 60/72 MP: 11/17
  5556 | D:2      | Killed Grinder
  5617 | D:5      | Entered Level 5 of the Dungeon
  5911 | D:5      | Reached skill level 10 in Fighting
  6021 | D:5      | Noticed Nicoed's ghost (novice DrTm)
  6030 | D:5      | Banished Nicoed's ghost
  6030 | D:5      | Gained mutation: You have a pair of horns on your head. [demonic ancestry]
  6030 | D:5      | Reached XP level 9. HP: 50/78 MP: 18/18
  6819 | D:5      | Noticed a moth of wrath
  6840 | D:5      | Found a bloodstained altar of Trog.
  7055 | D:6      | Found a sand-covered staircase.
  7063 | Ossuary  | Entered an ossuary
  7472 | D:6      | Noticed Menkaure
  7504 | D:6      | Killed Menkaure
  7811 | D:6      | Found a runed door.
  8648 | D:6      | Found a roughly hewn altar of Beogh.
  8701 | D:7      | Found a sacrificial altar of Ru.
  8710 | D:7      | Reached ***** piety under Lugonu
  8714 | D:7      | Gained mutation: Your magical capacity is low (-10% MP). [mutagenic meat]
  8750 | D:7      | Found a radiant altar of Vehumet.
  8751 | D:7      | Found Gecamame's General Store.
  8760 | D:7      | Bought a scroll of summoning for 104 gold pieces
  8760 | D:7      | Bought a scroll of magic mapping for 38 gold pieces
  9142 | D:7      | Reached XP level 10. HP: 80/86 MP: 17/17
  9536 | D:8      | Noticed Grum
  9536 | D:8      | Noticed Joseph
  9651 | D:8      | Noticed Maurice
  9863 | D:8      | Reached skill level 5 in Polearms
  9943 | D:8      | Killed Joseph
 10171 | D:8      | Killed Grum
 10263 | D:8      | Noticed Gastronok
 10439 | D:8      | Found a white marble altar of Elyvilon.
 10450 | D:8      | Noticed Pikel
 10483 | D:7      | Killed Pikel
 10483 | D:7      | Reached skill level 13 in Invocations
 10585 | D:8      | Found a staircase to the Lair.
 11310 | D:8      | Got a pair of warped gloves
 11761 | D:8      | Reached skill level 5 in Dodging
 11772 | D:8      | Gained mutation: You are frail (-10% HP). [mutagenic meat]
 11773 | D:8      | Gained mutation: Your body sometimes deteriorates upon taking damage. [mutagenic meat]
 11774 | D:8      | Gained mutation: You are agile. (Dex +2) [mutagenic meat]
 11775 | D:8      | Lost mutation: Your magical capacity is low (-10% MP). [mutagenic meat]
 12560 | D:9      | Reached skill level 5 in Spellcasting
 12707 | D:9      | Identified the cursed +0 pair of gloves of Lugonu's Wrath {rPois SInv} (You found it on level 8 of the Dungeon)
 12894 | D:8      | Noticed an unseen horror
 12978 | D:8      | Banished Gastronok
 12978 | D:8      | Gained mutation: You sometimes gain power by taking damage. [demonic ancestry]
 12978 | D:8      | Reached XP level 11. HP: 68/82 MP: 12/20
 13044 | D:8      | Killed an unseen horror
 13164 | D:8      | Killed Maurice
 13237 | Lair:1   | Entered Level 1 of the Lair of Beasts
 13265 | Lair:1   | Lost mutation: Your body sometimes deteriorates upon taking damage. [potion of cure mutation]
 13265 | Lair:1   | Lost mutation: You are agile. (Dex +2) [potion of cure mutation]
 13265 | Lair:1   | Lost mutation: You are frail (-10% HP). [potion of cure mutation]
 13598 | Lair:1   | Got a crude leather armour
 13609 | Lair:1   | Identified the +3 leather armour of Pathos {MR++ MP+9 Dex+3} (You found it on level 1 of the Lair of Beasts)
 13823 | D:10     | Entered Level 10 of the Dungeon
 14193 | D:10     | Learned a level 3 spell: Regeneration
 14773 | D:11     | Noticed a three-headed hydra
 14777 | D:11     | Banished a three-headed hydra
 14814 | D:11     | Found Onenkomi's Armour Shoppe.
 14817 | D:11     | Noticed a hill giant
 14845 | D:11     | Killed a hill giant
 14906 | D:11     | Noticed a hill giant
 14907 | D:11     | Found a frozen archway.
 14931 | D:11     | Killed a hill giant
 14990 | D:11     | Reached skill level 14 in Invocations
 15028 | IceCv    | Entered an ice cave
 15259 | D:11     | Noticed a hill giant
 15283 | D:11     | Killed a hill giant
 15339 | D:11     | Got a fine hand crossbow
 15340 | D:11     | Identified the +3 hand crossbow of Kuhovogie {flame, +Blink rPois rC+ Int-2} (You found it on level 11 of the Dungeon)
 15403 | D:11     | Noticed a hill giant
 15407 | D:11     | Noticed a hill giant
 15419 | D:11     | Killed a hill giant
 15430 | D:11     | Killed a hill giant
 15433 | D:11     | Noticed a hill giant
 15518 | D:11     | Killed a hill giant
 15518 | D:11     | Gained mutation: You are partially covered in rough black scales (AC +4, Dex -1). [demonic ancestry]
 15518 | D:11     | Reached XP level 12. HP: 81/101 MP: 22/22
 15716 | D:11     | Found Wunoif's Antique Weapon Emporium.
 15725 | D:11     | Bought a glowing halberd for 112 gold pieces
 15775 | D:11     | Found a staircase to the Orcish Mines.
 15779 | D:11     | Noticed a hill giant
 15787 | D:11     | Killed a hill giant
 15792 | D:11     | Bought the +2 ring mail of the Other World {rN+ Stlth+} for 392 gold pieces
 15957 | D:11     | Noticed a hill giant
 15990 | D:11     | Killed a hill giant
 16056 | D:11     | Noticed a hill giant
 16061 | D:11     | Noticed a hill giant
 16062 | D:11     | Killed a hill giant
 16064 | D:11     | Noticed a hill giant
 16088 | D:11     | Killed a hill giant
 16357 | D:11     | Killed a hill giant
 16386 | D:11     | Noticed a hill giant
 16395 | D:11     | Killed a hill giant
 16410 | D:11     | Noticed a hill giant
 16412 | D:11     | Noticed a hill giant
 16417 | D:11     | Noticed a stone giant
 16418 | D:11     | Killed a hill giant
 16437 | D:11     | Noticed a hill giant
 16456 | D:11     | Killed a hill giant
 16456 | D:11     | Reached skill level 15 in Invocations
 16626 | D:11     | Killed a hill giant
 16760 | D:11     | Identified the Collected Works on Execration
 16801 | D:11     | Got a brightly glowing lajatang
 16820 | D:11     | Identified the cursed +1 lajatang of Ycsaaps {slice, Str+6} (You found it on level 11 of the Dungeon)
 17457 | D:12     | Found a shadowy altar of Dithmenos.
 18328 | D:12     | Reached XP level 13. HP: 89/109 MP: 24/24
 18839 | D:11     | Noticed a centaur warrior
 18845 | D:11     | Killed a centaur warrior
 18894 | Orc:1    | Entered Level 1 of the Orcish Mines
 19514 | Orc:1    | Upgraded the game from 0.17.0-28-g6e173f8 to 0.17.0-56-gd8de76c
 19763 | Orc:3    | Found a staircase to the Elven Halls.
 19789 | Orc:3    | Reached ****** piety under Lugonu
 19817 | Orc:3    | Found a flagged portal.
 19839 | Bailey   | Entered a bailey
 19985 | Bailey   | Learned a level 2 spell: Swiftness
 20875 | Orc:3    | Noticed Nergalle
 21045 | Orc:2    | Killed Nergalle
 21305 | Elf:1    | Entered Level 1 of the Elven Halls
 21330 | Orc:4    | Entered Level 4 of the Orcish Mines
 21330 | Orc:4    | Noticed Rupert
 21674 | Orc:1    | Noticed Snorg
 21848 | Orc:3    | Banished Rupert
 21848 | Orc:3    | Reached skill level 1 in Charms
 21848 | Orc:3    | Reached skill level 16 in Invocations
 22184 | Orc:4    | Gained mutation: You occasionally shout uncontrollably at your foes. [a neqoxec]
 22187 | Orc:4    | Gained mutation: Scrolls take you a little longer to read. [a neqoxec]
 22198 | Orc:4    | Gained mutation: You are clumsy. (Dex -2) [a neqoxec]
 22611 | Orc:4    | Found Vuecehog's Food Boutique.
 22611 | Orc:4    | Found Izaruwidgh's Antique Weapon Shop.
 22611 | Orc:4    | Found Poqilli's Book Boutique.
 22644 | Orc:4    | Found Morchyefu's Assorted Antiques.
 22728 | Orc:4    | Found Aloenn's Armour Boutique.
 22925 | Orc:4    | Found a roughly hewn altar of Beogh.
 23172 | Orc:4    | Bought a scroll of enchant weapon for 187 gold pieces
 23172 | Orc:4    | Bought a scroll of magic mapping for 87 gold pieces
 23172 | Orc:4    | Bought a faintly glowing jade ring for 125 gold pieces
 23176 | Orc:4    | Bought a dazzling quarterstaff for 324 gold pieces
 23179 | Orc:4    | Bought a metal-bound book for 375 gold pieces
 23183 | Orc:4    | Learned a level 2 spell: Blink
 23462 | Orc:1    | Killed Snorg
 23969 | Lair:1   | Identified the ring of Ratt {Ice rElec rPois Stlth-} (You bought it in a shop on level 4 of the Orcish Mines)
 24463 | Lair:1   | Identified the +7 quarterstaff of Severance {drain, *Drain rF+ rC+ Dex+2} (You bought it in a shop on level 4 of the Orcish Mines)
 24674 | Lair:2   | Reached skill level 1 in Translocations
 24793 | Lair:2   | Learned a level 6 spell: Freezing Cloud
 24831 | Lair:2   | Reached skill level 1 in Staves
 25133 | Lair:2   | Gained mutation: You are mostly covered in rough black scales (AC +7, Dex -2). [demonic ancestry]
 25133 | Lair:2   | Reached XP level 14. HP: 118/118 MP: 26/26
 25545 | Lair:3   | Noticed Harold
 25688 | Lair:3   | Killed Harold
 26035 | Lair:3   | Noticed Sonja
 26036 | Lair:3   | Banished Sonja
 26163 | Lair:3   | Gained mutation: Your muscles are strong. (Str +2) [potion of mutation]
 26163 | Lair:3   | Gained mutation: Your flesh is cold resistant. [potion of mutation]
 26476 | Lair:4   | Noticed Maud
 26483 | Lair:4   | Banished Maud
 26566 | Lair:4   | Found a staircase to the Snake Pit.
 26877 | Lair:4   | Noticed Denapoli's ghost (journeyman MiFi)
 26882 | Lair:4   | Banished Denapoli's ghost
 27126 | Lair:4   | Reached skill level 10 in Dodging
 27459 | Lair:4   | Found a sacrificial altar of Ru.
 27976 | Lair:5   | Found a dark tunnel.
 27996 | Volcano  | Entered a volcano
 28523 | Lair:5   | Reached skill level 17 in Invocations
 29427 | Lair:6   | Noticed Nessos
 29441 | Lair:6   | Banished Nessos
 29972 | Lair:6   | Found a staircase to the Swamp.
 30630 | Lair:7   | Gained mutation: You are powered by pain. [demonic ancestry]
 30630 | Lair:7   | Reached XP level 15. HP: 122/126 MP: 27/27
 31597 | Lair:8   | Entered Level 8 of the Lair of Beasts
 31692 | Lair:8   | Reached skill level 5 in Translocations
 31873 | Lair:8   | Reached skill level 5 in Staves
 32472 | Lair:8   | Got an ichor-stained leather armour
 32483 | Lair:8   | Identified the +2 leather armour of True Grit {Int+4} (You found it on level 8 of the Lair of Beasts)
 32848 | Lair:8   | Found a staircase to the Slime Pits.
 33882 | D:13     | Found a gate to the Vaults.
 35205 | D:14     | Found Ynuc Soq's Antique Weapon Emporium.
 35573 | D:15     | Entered Level 15 of the Dungeon
 35802 | D:15     | Reached XP level 16. HP: 130/134 MP: 28/28
 35830 | D:15     | Found a staircase to the Depths.
 35841 | D:15     | Reached skill level 18 in Invocations
 36849 | Snake:1  | Entered Level 1 of the Snake Pit
 37980 | Snake:1  | Reached skill level 15 in Fighting
 38671 | Snake:2  | Noticed Vashnia
 38766 | Snake:2  | Noticed Agnes
 38773 | Snake:2  | Killed Agnes
 38944 | Snake:2  | Noticed Donald
 38968 | Snake:2  | Reached skill level 5 in Charms
 38990 | Snake:2  | Killed Donald
 39165 | Snake:2  | Identified a +3 demon trident of distortion (a +1 demon trident of venom corrupted by Lugonu)
 39165 | Snake:2  | Received a gift from Lugonu
 40155 | Elf:1    | Noticed a deep elf demonologist
 40166 | Elf:1    | Reached skill level 1 in Shields
 40348 | Elf:1    | Identified the Almanac of the Escort
 40679 | Elf:1    | Noticed Nikola
 40706 | Elf:1    | Killed Nikola
 40706 | Elf:1    | Reached skill level 5 in Shields
 40706 | Elf:1    | Reached XP level 17. HP: 105/142 MP: 30/30
 40878 | Elf:1    | Killed a deep elf demonologist
 41177 | Elf:2    | Reached skill level 1 in Necromancy
 41588 | Elf:2    | Found a runed gate.
 41589 | Elf:2    | Found a runed gate.
 41608 | Elf:2    | Found a runed gate.
 42337 | Swamp:1  | Entered Level 1 of the Swamp
 43142 | Swamp:2  | Got a fine shortbow
 43145 | Swamp:2  | Identified the +1 shortbow "Syexar" {flame, rC+ Int+4 Dex+2} (You found it on level 2 of the Swamp)
 43272 | Swamp:2  | Reached skill level 10 in Spellcasting
 44301 | Swamp:3  | Reached skill level 10 in Polearms
 44980 | Swamp:4  | Entered Level 4 of the Swamp
 44980 | Swamp:4  | Noticed a tentacled monstrosity
 45293 | Swamp:4  | Reached skill level 19 in Invocations
 45825 | Swamp:4  | Banished a tentacled monstrosity
 45982 | Swamp:4  | HP: 7/143 [cyan very ugly thing (26)]
 46231 | Swamp:4  | Noticed a tentacled monstrosity
 46363 | Swamp:4  | Got a decaying rune of Zot
 46518 | Swamp:4  | Banished a tentacled monstrosity
 47155 | Elf:1    | Reached skill level 5 in Necromancy
 47201 | Elf:2    | Gained mutation: You are completely covered in rough black scales (AC +10, Dex -3). [demonic ancestry]
 47201 | Elf:2    | Reached XP level 18. HP: 149/151 MP: 32/32
 47896 | Abyss:1  | Killed from afar by Gastronok

Action                   |  1- 3 |  4- 6 |  7- 9 | 10-12 | 13-15 | 16-18 || total
-------------------------+-------+-------+-------+-------+-------+-------++-------
Melee: Spear             |   128 |   313 |   690 |  1074 |       |       ||  2205
       Halberd           |       |       |       |   324 |   843 |       ||  1167
       Quarterstaff      |       |       |       |       |  1595 |   554 ||  2149
       Demon trident     |       |       |       |       |       |  1091 ||  1091
Throw: Stone             |       |       |     2 |       |       |       ||     2
 Cast: Regeneration      |       |       |       |       |       |    86 ||    86
       Blink             |       |       |       |       |       |    12 ||    12
Invok: Depart the Abyss  |     1 |       |       |       |       |       ||     1
       Banish            |       |     2 |     5 |    18 |    28 |     1 ||    54
       Brand Weapon With |       |       |       |       |       |     1 ||     1
       Enter the Abyss   |       |       |       |       |       |     1 ||     1
Evoke: Wand              |       |       |     2 |    10 |     9 |    20 ||    41
  Use: Scroll            |     4 |     2 |     6 |    12 |    20 |    17 ||    61
       Potion            |       |     2 |     4 |    11 |     6 |     9 ||    32
 Stab: Distracted        |       |       |     1 |     8 |    12 |     6 ||    27
       Sleeping          |       |       |       |     1 |     1 |       ||     2
       Invisible         |       |       |       |       |    10 |       ||    10
       Petrified         |       |       |       |       |     1 |       ||     1
  Eat: Chunk             |     2 |    13 |    17 |    20 |    61 |    13 ||   126
       Beef jerky        |       |       |     1 |     1 |     2 |     1 ||     5
       Royal jelly       |       |       |     1 |       |       |     1 ||     2
       Meat ration       |       |       |       |     6 |     2 |     7 ||    15
       Bread ration      |       |       |       |     1 |     2 |       ||     3
       Pizza             |       |       |       |       |     1 |     1 ||     2
       Fruit             |       |       |       |       |       |     5 ||     5
